 Dungeon Crawl Stone Soup version 0.26-a0-478-g6c97825307 (webtiles) character file.

Game seed: 13432088025415375158

0 Gargoyl the Skirmisher (level 1, -3/23 HPs)
             Began as a Gnoll Abyssal Knight on Aug 1, 2020.
             Was a Follower of Lugonu.
             Slain by a spatial maelstrom (4 damage)
             ... on level 3 of the Abyss.
             The game lasted 00:00:29 (138 turns).

Gargoyl the Skirmisher (Gnoll Abyssal Knight)        Turns: 138, Time: 00:00:30

Health: -3/23      AC:  3    Str: 14    XL:     1   Next: 0%
Magic:  3/3        EV: 12    Int: 14    God:    Lugonu [*.....]
Gold:   32         SH:  0    Dex: 14    Spells: 0/0 levels left

rFire    . . .     SeeInvis .   a - +1 hand axe
rCold    . . .     Faith    .   (no shield)
rNeg     . . .     Spirit   .   b - +0 leather armour
rPois    .         Reflect  .   (no helmet)
rElec    .         Harm     .   (no cloak)
rCorr    .                      (no gloves)
MR       .....                  (no boots)
Stlth    +.........             (no amulet)
HPRegen  0.07/turn              (no ring)
MPRegen  0.08/turn              (no ring)

@: no status effects
A: distributed training, fangs 1, strong nose
a: Depart the Abyss, Renounce Religion


You were on level 3 of the Abyss.
You worshipped Lugonu.
Lugonu was aware of your devotion.
You visited 0 branches of the dungeon, and saw 0 of its levels.
You visited the Abyss 1 time.

You collected 32 gold pieces.

Inventory:

Hand Weapons
 a - a +1 hand axe (weapon)
Armour
 b - a +0 leather armour (worn)
Potions
 c - a potion of heal wounds {unknown}


   Skills:
 + Level 6.4 Fighting
 + Level 0.0 Short Blades
 + Level 0.0 Long Blades
 + Level 4.4 Axes
 + Level 0.0 Maces & Flails
 + Level 0.0 Polearms
 + Level 0.0 Staves
 + Level 0.0 Slings
 + Level 0.0 Bows
 + Level 0.0 Crossbows
 + Level 0.0 Throwing
 + Level 4.4 Armour
 + Level 2.3 Dodging
 + Level 0.0 Stealth
 + Level 0.0 Shields
 + Level 0.0 Unarmed Combat
 + Level 0.0 Spellcasting
 + Level 0.0 Conjurations
 + Level 0.0 Hexes
 + Level 0.0 Summonings
 + Level 0.0 Necromancy
 + Level 0.0 Translocations
 + Level 0.0 Transmutations
 + Level 0.0 Fire Magic
 + Level 0.0 Ice Magic
 + Level 0.0 Air Magic
 + Level 0.0 Earth Magic
 + Level 0.0 Poison Magic
 + Level 4.4 Invocations
 + Level 0.0 Evocations


You couldn't memorise any spells.
You didn't know any spells.
Your spell library was empty.

Dungeon Overview and Level Annotations

Branches:
Dungeon (0/15)

Altars:


Innate Abilities, Weirdness & Mutations

Your experience applies equally to all skills.
You have very sharp teeth.
Your uncanny sense of smell can sniff out nearby items.


Message History

A hell hog and a spatial vortex come into view.
The hell hog squeals angrily. x2; You hear an angry squeal.
The hell hog breathes fire at you.
The fireball explodes!
The fireball engulfs you.
You hear an angry squeal.
Unknown command.
A hell hog comes into view.
A spatial vortex comes into view.
The spatial maelstrom hits you.
You blink.
The hell hog moves out of view.
The hell hog closely misses you.
A spatial vortex comes into view.
Unknown command.
A spatial vortex comes into view.
The spatial maelstrom closely misses you.
The spatial maelstrom hits you. Space bends around you.
* * * LOW HITPOINT WARNING * * *
A spatial vortex comes into view.
The hell hog bites you.
* * * LOW HITPOINT WARNING * * *
The spatial maelstrom hits you.
You die...

##..#. #...# #
#..#...##.# .. .# #≈v
###. .##.### .##.v#
.≈# #.#. .....###....
... ###. ...#.##..##
..# ##....##.....##v#
#......#.#....# # .#..
.#.hhvv.#
..#......>4#.@.#....#
#.#..##..h#.#.......#.
....#..##....#.#.#v...
... .###..#..# ..# #.
. ### ##. ### #. #. .#
.# .


You could see a spatial maelstrom, 2 hell hogs and 4 spatial vortices.

Vanquished Creatures (others)
  A lurking horror (Abyss:3)
1 creature vanquished.

Notes
Turn   | Place    | Note
-------+----------+-------------------------------------------
     0 | Abyss:1  | Gargoyl the Gnoll Abyssal Knight began the quest for the
                  | Orb.
     0 | Abyss:1  | Reached XP level 1. HP: 23/23 MP: 3/3
   106 | Abyss:3  | Noticed a thrashing horror
   110 | Abyss:3  | Noticed a thrashing horror
   124 | Abyss:3  | Noticed a chaos spawn
   129 | Abyss:3  | Noticed a hell hog
   133 | Abyss:3  | Noticed a spatial maelstrom
   133 | Abyss:3  | Noticed a spatial vortex
   133 | Abyss:3  | Noticed a spatial vortex
   133 | Abyss:3  | Noticed a spatial vortex
   134 | Abyss:3  | Noticed a hell hog
   134 | Abyss:3  | Noticed a spatial vortex
   135 | Abyss:3  | Noticed a hell hog
   135 | Abyss:3  | Noticed a spatial vortex
   137 | Abyss:3  | Noticed a spatial vortex
   137 | Abyss:3  | Noticed a spatial vortex
   138 | Abyss:3  | Noticed a spatial vortex
   138 | Abyss:3  | HP: 1/23 [hell hog (1)]
   138 | Abyss:3  | Slain by a spatial maelstrom

Illustrated notes

Levels and vault maps discovered:
Abyss:3:  due_evilmike_abyss_rune_seething_liches

Action                   || total
-------------------------++-------
  Use: Scroll            ||     1
Dodge: Dodged            ||     3

Table legend: (Time is in decaauts)
 A = Elapsed time spent in this place.
 B = Non-inter-level travel time spent in this place.
 C = Inter-level travel time spent in this place.
 D = Time resting spent in this place.
 E = Time spent auto-exploring this place.
 F = Levels seen in this place.
 G = Mean time per level.
                   A        B        C        D        E       F      G
               +--------+--------+--------+--------+--------+-----+--------+
         Total |    143 |    143 |      0 |      0 |     87 |   3 |   47.7 |
         Abyss |    143 |    143 |      0 |      0 |     87 |   3 |   47.7 |
               +--------+--------+--------+--------+--------+-----+--------+

Top non-repeatable levels by time:
 Abyss:3: 96 daAuts
 Abyss:2: 34 daAuts
 Abyss:1: 12 daAuts
